 Dungeon Crawl Stone Soup version 0.21-a0-238-geb0acef (webtiles) character file.

224 JackS81 the Digger (level 5, -4/28 HPs)
             Began as a Deep Elf Earth Elementalist on Sept 2, 2017.
             Was a Follower of Kikubaaqudgha.
             Slain by an ogre
             ... wielding a +0 giant club
              (17 damage)
             ... on level 4 of the Dungeon.
             The game lasted 00:13:34 (2722 turns).

JackS81 the Digger (Deep Elf Earth Elementalist)    Turns: 2722, Time: 00:13:35

Health: -4/28      AC:  4    Str:  5    XL:     5   Next: 67%
Magic:  9/11       EV: 14    Int: 21    God:    Kikubaaqudgha [*.....]
Gold:   179        SH:  0    Dex: 15    Spells: 4/10 levels left

rFire    . . .     SeeInvis .   q - +4 club
rCold    . . .     Gourm    .   (no shield)
rNeg     . . .     Faith    .   r - +2 robe {MR+}
rPois    .         Spirit   .   (no helmet)
rElec    .         Reflect  .   (no cloak)
rCorr    .         Harm     .   (no gloves)
MR       +....                  (no boots)
Stlth    ++........             (no amulet)
HPRegen  0.09/turn              (no ring)
MPRegen  0.12/turn              (no ring)

@: no status effects
A: no striking features
a: Receive Corpses, Renounce Religion


You were on level 4 of the Dungeon.
You worshipped Kikubaaqudgha.
Kikubaaqudgha was aware of your devotion.
You were not hungry.

You visited 1 branch of the dungeon, and saw 4 of its levels.

You collected 179 gold pieces.

Inventory:

Hand Weapons
 a - a +0 club
 h - a +0 dagger
 o - a +0 whip
 q - a +4 club (weapon)
 A - a +0 blowgun
Missiles
 b - 81 stones (quivered)
 z - 20 poisoned needles
Armour
 c - a +0 robe
 r - a +2 robe of magic resistance (worn)
Scrolls
 i - a scroll of noise {unknown}
 j - 2 scrolls of fog {unknown}
 l - 2 scrolls of remove curse {unknown}
 n - 3 scrolls of identify {unknown}
 p - 4 scrolls of teleportation {unknown}
 w - 2 scrolls of random uselessness {unknown}
 y - a scroll of blinking {unknown}
Potions
 f - a potion of brilliance {unknown}
 g - a potion of experience {unknown}
 k - 2 potions of heal wounds
 t - a potion of cancellation {unknown}
 u - a potion of might {unknown}
 x - a potion of lignification {unknown}
Books
 e - a book of Geomancy

   Spells                             Type                      Level
   a - Sandblast                      Earth                        1
   b - Passwall                       Transmutation/Earth          2
   c - Stone Arrow                    Conjuration/Earth            3
   d - Petrify                        Transmutation/Earth          4
   e - Lee's Rapid Deconstruction     Earth                        5
 v - Kikubaaqudgha's Almanac of Sinister Rituals
   (Kikubaaqudgha gifted it to you on level 3 of the Dungeon)

   Spells                             Type                      Level
   a - Animate Skeleton               Necromancy                   1
   b - Corpse Rot                     Necromancy                   2
   c - Sublimation of Blood           Necromancy                   2
   d - Regeneration                   Charms/Necromancy            3
   e - Control Undead                 Necromancy                   4
Comestibles
 d - 2 bread rations
 m - 2 meat rations


   Skills:
 * Level 3.4 Dodging
 - Level 2.4 Stealth
 - Level 3.0 Spellcasting
 * Level 2.4 Necromancy
 + Level 1.1 Transmutations
 + Level 6.2 Earth Magic


You had 4 spell levels left.
You knew the following spells:

 Your Spells              Type           Power        Failure   Level  Hunger
a - Sandblast             Erth           ####..       1%          1    None
b - Passwall              Tmut/Erth      ###.......   4%          2    ##.....
c - Stone Arrow           Conj/Erth      ###...       11%         3    ###....


Dungeon Overview and Level Annotations

Branches:
Dungeon (4/15)
 Temple: D:4-7

Altars:
Kikubaaqudgha
Sif Muna


Message History

An ogre comes into view. It is wielding a giant club.
Casting: Sandblast
Confirm with . or Enter, or press ? or * to list all spells.
Okay, then.
The helpless ogre fails to defend itself.
You hit the ogre.
The ogre is lightly wounded.
The ogre hits you with a giant club!
Ouch! That really hurt!
Casting: Sandblast
Confirm with . or Enter, or press ? or * to list all spells.
Aiming: Sandblast
Press: ? - help, Shift-Dir - straight line, f - ogre
Aim: an ogre, wielding a giant club (lightly wounded)
The blast of sand misses the ogre.
b - 81 stones The ogre hits you with a giant club!
Ouch! That really hurt!
You die...
Kikubaaqudgha rasps: "You have failed me!
Welcome... death!"

##### ##### ...# #...##
####.####### .....##
#........... ......#
### ####........###
.s....#
..###............#
......#
#.#O####........###
.o...# #
#@#...............
#<.o#
##.###.#.###..#.##.###.
##o## ##........#
#..#.##.# #. .#
........### #..#.##.#
## .#
.#####..#####..#.##.#
.# #...........##.## Z.
#.#######.......### ##
#. #.###...<.. #. #.#
#......


You could see an ogre.

Vanquished Creatures
  A hound (D:4)
  Jessica (D:2)
  An iguana (D:3)
  A worker ant (D:3)
  3 adders (D:2)
  3 oozes
  A dart slug (D:3)
  3 leopard geckos (D:2)
  5 orcs
  4 giant cockroaches
  5 goblins
  6 hobgoblins
  4 jackals
  5 kobolds
  A quokka (D:2)
  13 bats
  7 frilled lizards
  11 rats
75 creatures vanquished.

Notes
Turn   | Place    | Note
-------+----------+-------------------------------------------
     0 | D:1      | JackS81 the Deep Elf Earth Elementalist began the quest for the Orb.
     0 | D:1      | Reached XP level 1. HP: 10/10 MP: 6/6
   139 | D:1      | Reached XP level 2. HP: 15/15 MP: 6/8
   266 | D:1      | Reached skill level 4 in Earth Magic
   673 | D:2      | Learned a level 2 spell: Passwall
   703 | D:2      | Reached XP level 3. HP: 19/19 MP: 5/9
   830 | D:2      | Found an ancient bone altar of Kikubaaqudgha.
   838 | D:2      | Became a worshipper of Kikubaaqudgha
  1192 | D:2      | Noticed Jessica
  1194 | D:2      | Killed Jessica
  1194 | D:2      | Reached skill level 5 in Earth Magic
  1194 | D:2      | Reached XP level 4. HP: 24/24 MP: 7/10
  1293 | D:2      | Reached skill level 1 in Necromancy
  1445 | D:2      | Learned a level 3 spell: Stone Arrow
  1621 | D:2      | Found a deep blue altar of Sif Muna.
  1748 | D:3      | Reached * piety under Kikubaaqudgha
  1748 | D:3      | Identified Kikubaaqudgha's Almanac of Sinister Rituals (Kikubaaqudgha gifted it to you on level 3 of the Dungeon)
  1748 | D:3      | Received a gift from Kikubaaqudgha
  1951 | D:3      | Reached XP level 5. HP: 28/28 MP: 5/11
  2651 | D:4      | Reached skill level 6 in Earth Magic
  2719 | D:4      | Noticed an ogre
  2722 | D:4      | Slain by an ogre

Vault maps used:
D:1:      dpeg_arrival_refuge, amethyst_killhole, kennysheep_nondescript
D:2:      kiku_gazebo_pond_becter, lemuel_coloured_pillars_altar, first_bread,
          uniq_jessica
D:4:      minmay_temple_entry_purple_smoke

Skill      XL: |  1  2  3  4  5 |
---------------+----------------+-----
Earth Magic    | 4 5 6 |  6.2
Dodging        | 3 |  3.4
Necromancy     | 2 |  2.4
Stealth        | |  2.4
Spellcasting   | |  3.0
Transmutations | |  1.1

Action                   |  1- 3 |  4- 6 || total
-------------------------+-------+-------++-------
Melee: Club              |     1 |     6 ||     7
 Cast: Sandblast         |    45 |    58 ||   103
       Stone Arrow       |       |     2 ||     2
  Use: Potion            |       |     1 ||     1
 Stab: Sleeping          |       |     2 ||     2
  Eat: Chunk             |       |     5 ||     5
Armor: Robe              |     4 |     5 ||     9
Dodge: Dodged            |    12 |    11 ||    23

Table legend:
 A = Spawn XP
 B = Non-spawn XP
 C = Spawn XP percentage of total XP
 D = Spawn monster count
 E = Non-spawn monster count
 F = Spawn count percentage of total count
 G = Total turns spent on level
                    A         B        C        D         E        F      G
               +---------+---------+-------+---------+---------+-------+---------
         Total |      97 |     223 |  30.3 |      12 |      63 |  16.0 |  2722
               +---------+---------+-------+---------+---------+-------+---------
           D:1 |       2 |      36 |   5.3 |       2 |      19 |   9.5 |   669
           D:2 |      21 |     109 |  16.2 |       6 |      23 |  20.7 |   970
           D:3 |      72 |      28 |  72.0 |       3 |      16 |  15.8 |   838
           D:4 |       2 |      50 |   3.8 |       1 |       5 |  16.7 |   245
               +---------+---------+-------+---------+---------+-------+---------
